 Dungeon Crawl Stone Soup version 0.19.5 (webtiles) character file.

298 Gargoyl the Skirmisher (level 6, -4/52 HPs)
             Began as a Ghoul Abyssal Knight on May 25, 2017.
             Was a Believer of Lugonu.
             Slain by Crazy Yiuf
             ... wielding a +3 quarterstaff of chaos
              (5 damage)
             ... on level 2 of the Dungeon.
             The game lasted 00:04:33 (1538 turns).

Gargoyl the Skirmisher (Ghoul Abyssal Knight)       Turns: 1538, Time: 00:04:34

Health: -4/52      AC:  9    Str: 16      XL:     6   Next: 35%
Magic:  5/7        EV: 12    Int:  3 (7)  God:    Lugonu [**....]
Gold:   95         SH:  8    Dex: 15      Spells: 0 memorised, 5 levels left

rFire  . . .     SeeInvis .     a - +1 hand axe
rCold  + . .     Gourm    .     r - +3 scale mail {MR+}
rNeg   + + +     Faith    .     g - +0 shield
rPois  ∞         Spirit   .     (no helmet)
rElec  .         Reflect  .     (no cloak)
rCorr  .         Harm     .     (no gloves)
MR     +....                    (no boots)
Stlth  +.........               (no amulet)
                                (no ring)
                                (no ring)

@: agile, rotting
A: rotting body, claws 1, carnivore 3, cold resistance 1, negative energy
resistance 3, slow regeneration 1, torment resistance, unbreathing
a: Depart the Abyss, Bend Space, Renounce Religion


You were on level 2 of the Dungeon.
You worshipped Lugonu.
Lugonu was pleased with you.
You were not hungry.

You visited 1 branch of the dungeon, and saw 2 of its levels.
You visited the Abyss 1 time.

You collected 95 gold pieces.

Inventory:

Hand Weapons
 a - a +1 hand axe (weapon)
Missiles
 e - 3 tomahawks (quivered)
Armour
 g - a +0 shield (worn)
 r - a +3 scale mail of magic resistance (worn)
Scrolls
 b - a scroll of enchant weapon {unknown}
 l - a scroll of magic mapping {unknown}
 m - 2 scrolls of remove curse {unknown}
 n - 2 scrolls of noise {unknown}
 s - a scroll of recharging {unknown}
 t - a scroll of immolation {unknown}
Potions
 i - a potion of degeneration
 o - a potion of agility
 q - a potion of lignification
Comestibles
 c - 2 meat rations
 d - a slice of pizza
 h - 3 chunks of flesh
 k - a beef jerky


   Skills:
 + Level 4.1 Fighting
 + Level 2.9 Axes
 * Level 3.3 Armour
 + Level 2.0 Dodging
 + Level 1.8 Shields
 * Level 3.3 Invocations


You had 5 spell levels left.
You didn't know any spells.

Dungeon Overview and Level Annotations

Branches:
Dungeon (2/15)

Altars:
Trog
Yredelemnul

Annotations:
D:2 Crazy Yiuf


Innate Abilities, Weirdness & Mutations

Your body is rotting away.
You thrive on raw meat.
You are immune to poison.
You have sharp fingernails.
You are carnivorous and can eat meat at any time.
Your flesh is cold resistant. (rC+)
You are immune to negative energy. (rN+++)
You regenerate slowly when monsters are visible.
You are immune to unholy pain and torment.
You can survive without breathing.


Message History

You are very lightly contaminated with residual magic.
It was a potion of cancellation.
Your magical effects are unravelling.
You feel magically purged.
Your magical contamination has completely faded away.
You feel yourself slow down.
You feel agile all of a sudden.
Crazy Yiuf flaps his cloak.
Crazy Yiuf barely misses you.
You hit Crazy Yiuf but do no damage.
Crazy Yiuf is lightly wounded.
Crazy Yiuf hits you but does no damage.
You hit Crazy Yiuf but do no damage.
Crazy Yiuf is lightly wounded.
Crazy Yiuf hits you with a quarterstaff of chaos!
* * * LOW HITPOINT WARNING * * *
x2 You completely miss Crazy Yiuf.
Crazy Yiuf is lightly wounded.
Crazy Yiuf hits you with a quarterstaff of chaos.
You die...

#####.##.........#
#......#.....)....
#.......)........#
###########......#
#......#
#######......# ####
###.#.P.+......#
#...##..#..P....#####
#..g@.####......#
#)..### ##P.+.## ####
######


You could see Crazy Yiuf.

Vanquished Creatures
  Sigmund (D:2)
  Jessica (D:2)
  Terence (D:2)
  3 adders (D:2)
  2 dart slugs (D:2)
  A leopard gecko (D:2)
  A ball python (D:2)
  5 bats
  3 goblins
  A hobgoblin (D:2)
  10 jackals
  10 kobolds
  A quokka (D:2)
  A frilled lizard (D:1)
  4 rats
45 creatures vanquished.

Notes
Turn   | Place    | Note
-------+----------+-------------------------------------------
     0 | Abyss:1  | Gargoyl the Ghoul Abyssal Knight began the quest for the Orb.
     0 | Abyss:1  | Reached XP level 1. HP: 19/19 MP: 1/1
   202 | Abyss:1  | Noticed a tentacled starspawn
   217 | Abyss:1  | Found a corrupted altar of Lugonu.
   247 | Abyss:1  | Noticed a neqoxec
   261 | Abyss:1  | Noticed a bone dragon
   267 | D:1      | Escaped the Abyss
   291 | D:1      | Reached skill level 1 in Dodging
   447 | D:1      | Reached XP level 2. HP: 26/26 MP: 2/2
   466 | D:1      | Reached * piety under Lugonu
   892 | D:2      | Reached XP level 3. HP: 31/31 MP: 3/3
   983 | D:2      | Reached skill level 1 in Shields
  1000 | D:2      | Reached XP level 4. HP: 38/38 MP: 4/4
  1005 | D:2      | Found a bloodstained altar of Trog.
  1009 | D:2      | Noticed Terence
  1009 | D:2      | Noticed Jessica
  1035 | D:2      | Killed Terence
  1071 | D:2      | Killed Jessica
  1071 | D:2      | Reached XP level 5. HP: 28/46 MP: 6/6
  1118 | D:2      | Found a faded altar of an unknown god.
  1185 | D:2      | Reached ** piety under Lugonu
  1221 | D:2      | Found a basalt altar of Yredelemnul.
  1267 | D:2      | Noticed Sigmund
  1297 | D:2      | Killed Sigmund
  1297 | D:2      | Reached skill level 4 in Fighting
  1297 | D:2      | Reached XP level 6. HP: 34/52 MP: 7/7
  1335 | D:2      | Found a runed door.
  1526 | D:2      | Noticed Crazy Yiuf
  1537 | D:2      | HP: 2/52 [Crazy Yiuf/quarterstaff of chaos (9)]
  1538 | D:2      | Slain by Crazy Yiuf

Skill      XL: |  1  2  3  4  5 |
---------------+----------------+-----
Dodging        | 1 2 |  2.0
Armour         | 2 3 |  3.3
Axes           | 2 |  2.9
Shields        | 1 |  1.8
Fighting       | 4 |  4.1
Invocations    | 3 |  3.3

Action                   |  1- 3 |  4- 6 || total
-------------------------+-------+-------++-------
Melee: Hand axe          |   108 |    79 ||   187
Invok: Depart the Abyss  |     1 |       ||     1
  Use: Scroll            |     1 |       ||     1
       Potion            |       |     8 ||     8
  Eat: Chunk             |    17 |    16 ||    33
Armor: Ring mail         |    89 |    19 ||   108
       Scale mail        |       |    35 ||    35
Dodge: Dodged            |    75 |    38 ||   113
Block: Shield            |    64 |    27 ||    91
